 Dungeon Crawl Stone Soup version 0.26.0-16-gc1dbca0489 (webtiles) character file.

Game seed: 12383765045826783208

127813 ragingrage the Severer (level 17, -5/135 HPs)
             Began as a Formicid Abyssal Knight on Jan 19, 2021.
             Was a High Priest of Lugonu.
             Killed by the raging water
             ... invoked by a water nymph
              (27 damage)
             ... on level 1 of the Shoals on Jan 20, 2021.
             The game lasted 00:51:16 (47233 turns).

ragingrage the Severer (Formicid Abyssal Knight)   Turns: 47233, Time: 00:51:16

Health: -5/135     AC: 17    Str: 30    XL:     17   Next: 57%
Magic:  0/27       EV: 12    Int: 17    God:    Lugonu [*****.]
Gold:   1297       SH: 13    Dex: 12    Spells: 16/16 levels left

rFire    + . .     SeeInvis +   b - +3 battleaxe (vorpal)
rCold    + + .     Faith    .   J - +0 kite shield "Caodgharr" {rF- rC+++ rCorr Int+4}
rNeg     . . .     Spirit   +   W - +0 fire dragon scales of Words of Power {+Fly rElec rF++ rC- Will- SInv} (curse)
rPois    +         Reflect  .   (helmet unavailable)
rElec    +         Harm     .   d - +1 cloak
rCorr    +         Rampage  .   z - +1 pair of gloves {Str+3}
Will     .....                  M - +0 pair of boots
Stlth    ..........             y - amulet of guardian spirit
HPRegen  0.32/turn              N - +6 ring of strength
MPRegen  0.20/turn              q - ring of poison resistance

@: mesmerised, very slow
A: permanent stasis, dig shafts and tunnels, four strong arms, antennae 3
a: Dig, Shaft Self, Renounce Religion, Evoke Flight, Depart the Abyss, Bend
Space, Banish, Corrupt, Enter the Abyss


You were on level 1 of the Shoals.
You worshipped Lugonu.
Lugonu was extremely pleased with you.
You visited 5 branches of the dungeon, and saw 28 of its levels.
You visited the Abyss 1 time.
You also visited: Gauntlet.

You collected 3219 gold pieces.
You spent 1922 gold pieces at shops.

Inventory:

Hand Weapons
 a - a +3 hand axe of venom
 b - a +3 vorpal battleaxe (weapon)
Missiles
 o - 89 poisoned darts
 I - 3 throwing nets
 U - 2 silver javelins
Armour
 d - a +1 cloak (worn)
 z - a +1 pair of gloves of strength (worn)
 J - the +0 kite shield "Caodgharr" (worn) {rF- rC+++ rCorr Int+4}
   (You acquired it on level 1 of the Lair of Beasts)

   It affects your intelligence (+4).
   It makes you vulnerable to fire.
   It renders you almost immune to cold.
   It provides partial protection from all sources of acid and corrosion.
 M - a +0 pair of boots (worn)
 W - the cursed +0 fire dragon scales of Words of Power (worn) {+Fly rElec rF++ rC- Will- SInv}
   (You took it off a minotaur in a Gauntlet)

   It greatly protects you from fire.
   It makes you vulnerable to cold.
   It insulates you from electricity.
   It affects your willpower, your defense against some magical effects.
   It lets you see invisible.
   It lets you fly.
   It has a curse placed upon it.
 X - a +2 tower shield of protection
Jewellery
 i - an uncursed ring of willpower
 k - an uncursed ring of fire
 q - a ring of poison resistance (right hand)
 y - an amulet of guardian spirit (around neck)
 B - an uncursed ring of resist corrosion
 N - a +6 ring of strength (left hand)
 V - a +6 ring of dexterity
Wands
 m - a wand of iceblast (19)
 F - a wand of digging (3)
 K - a wand of polymorph (42) (quivered)
 L - a wand of acid (8)
 P - a wand of flame (15)
 Q - a wand of paralysis (9)
 T - a wand of enslavement (3)
Scrolls
 c - 2 scrolls of fog
 h - 6 scrolls of immolation
 j - 5 scrolls of enchant armour
 p - 3 scrolls of fear
 r - 11 scrolls of identify
 s - 5 scrolls of enchant weapon
 A - 8 scrolls of magic mapping
 O - 3 scrolls of amnesia
 S - 6 scrolls of remove curse
Potions
 e - a potion of magic
 g - 6 potions of heal wounds
 l - 9 potions of attraction
 n - 2 potions of invisibility
 t - 5 potions of brilliance
 u - 4 potions of mutation
 v - 5 potions of lignification
 w - 3 potions of resistance
 x - a potion of flight
 C - 2 potions of curing
 D - 3 potions of might
 E - 2 potions of cancellation
 G - 3 potions of ambrosia
Miscellaneous
 f - a box of beasts
 H - a condenser vane (inert)
 R - a tin of tremorstones (inert)


   Skills:
 - Level 12.5 Fighting
 * Level 19.7 Axes
 - Level 10.0 Armour
 - Level 5.0 Dodging
 - Level 10.0 Shields
 - Level 14.1 Invocations
 - Level 6.3 Evocations


You had 16 spell levels left.
You didn't know any spells.
Your spell library contained the following spells:

 Spells                   Type           Power        Failure   Level
 Apportation              Tloc           0%           43%         1
 Freeze                   Ice            0%           43%         1
 Sandblast                Erth           0%           43%         1
 Passwall                 Tmut/Erth      0%           58%         2
 Poisonous Vapours        Pois/Air       0%           58%         2
 Dazzling Flash           Conj/Hex       0%           82%         3
 Lesser Beckoning         Tloc           0%           82%         3
 Stone Arrow              Conj/Erth      0%           82%         3
 Summon Guardian Golem    Hex/Summ       0%           82%         3
 Teleport Other           Tloc           0%           82%         3
 Tukima's Dance           Hex            0%           82%         3
 Hailstorm                Conj/Ice       0%           99%         4
 Ice Form                 Ice/Tmut       0%           99%         4
 Iskenderun's Mystic Bla  Conj/Tloc      0%           99%         4
 Leda's Liquefaction      Hex/Erth       0%           99%         4
 Olgreb's Toxic Radiance  Pois           0%           99%         4
 Petrify                  Tmut/Erth      0%           99%         4
 Alistair's Intoxication  Tmut/Pois      0%           100%        5
 Irradiate                Conj/Tmut      0%           100%        5
 Lee's Rapid Deconstruct  Erth           0%           100%        5
 Summon Forest            Summ/Tloc      0%           100%        5
 Dispersal                Tloc           0%           100%        6
 Eringya's Noxious Bog    Tmut/Pois      0%           100%        6
 Hydra Form               Tmut           0%           100%        6
 Invisibility             Hex            0%           100%        6
 Statue Form              Tmut/Erth      0%           100%        6
 Dragon Form              Tmut           0%           100%        7
 Disjunction              Tloc           0%           100%        8


Dungeon Overview and Level Annotations

Branches:
Dungeon (15/15)            Temple (0/1) D:7            Lair (6/6) D:8
 Shoals (1/4) Lair:4       Spider (4/4) Lair:3        Slime (0/5) Lair:5
    Orc (2/2) D:11            Elf (0/3) Orc:2        Vaults (0/5) D:13
 Depths (0/5) D:15        Gauntlet (visited)

Altars:
Ashenzari
Cheibriados
Gozag
Hepliaklqana
Qazlal
Ru
Trog
Wu Jian
Xom
The Shining One
Beogh

Shops:
D:6 ?   D:14 *   D:15 =:[   Orc:1 [   Orc:2 *=}}

Annotations:
D:9 4 runed translucent doors
D:13 corrupted
D:15 corrupted
Spider:2 corrupted
Spider:3 1 runed translucent door, exclusion: downstairs
Spider:4 Nikola
Abyss:1 Nessos, Snorg


Innate Abilities, Weirdness & Mutations

You cannot be hasted, slowed, berserked, paralysed or teleported.
You can dig through walls and to a lower floor.
Your four strong arms can wield two-handed weapons with a shield.
You have a pair of large antennae on your head. (SInv)


Message History

The merfolk impaler hits you from afar with a +4 trident of protection!
* * * LOW HITPOINT WARNING * * *
The merfolk siren chants its luring song.
You block the merfolk's attack.
Unknown command.
Unknown command.
Unknown command.
Unknown command.
Okay, then.
Evoke which item? (* to show all) (? for menu, Esc to quit)
Okay, then.
Okay, then.
You feel much better.
The faun points at you and mumbles some strange words.
Your stasis prevents you from being slowed.
The merfolk impaler hits you from afar with a +4 trident of protection!
* * * LOW HITPOINT WARNING * * *
The water nymph points at you and mumbles some strange words.
The water swirls and strikes you!!
You die...

≈.≈≈≈≈≈≈≈≈≈≈≈≈≈≈#
≈≈≈≈≈≈≈≈≈≈≈≈≈≈≈≈#
.≈≈≈≈≈≈....≈≈≈≈≈#
≈.≈≈.......≈≈≈≈≈#
≈..≈≈≈≈≈...≈≈≈≈≈#
≈..≈≈≈≈≈≈≈≈≈≈≈≈≈#
.....m≈m≈≈≈≈≈≈≈≈#
#..≈)m†@m≈≈≈≈≈#
##.≈≈c≈≈(≈≈≈≈≈#
.....≈≈≈≈≈)≈≈≈≈≈#
...!.≈≈≈≈≈≈≈≈≈≈≈#
...[..≈≈≈≈≈≈≈≈≈≈#
.?......≈≈≈≈≈≈≈≈#
.........≈≈≈≈≈≈≈#
.........≈≈≈≈≈≈≈#
.......≈≈≈≈≈≈≈#


You could see a merfolk impaler, a merfolk, a faun, a merfolk siren
(mesmerising) and a water nymph.

Vanquished Creatures
  Rupert (D:12)
  An emperor scorpion (Spider:3)
  A stone giant (Orc:2)
  A black draconian (Spider:3)
  A minotaur (Gauntlet)
  A spark wasp (Spider:1)
  A fire dragon (D:14)
  Harold (D:9)
  2 boulder beetles
  2 centaur warriors
  2 death knights
  4 two-headed ogres
  3 death yaks
  4 orc high priests
  A skeletal warrior (D:13)
  A sea snake (Shoals:1)
  A deep elf archer (D:13)
  9 orb spiders
  A wolf spider zombie (D:15)
  15 wolf spiders
  A phantasmal warrior (D:13)
  A necromancer (D:15)
  7 orc knights
  5 manticores
  4 deep elf magi
  A faun (Shoals:1)
  7 ugly things
  6 orc sorcerers
  9 elephants
  A merfolk siren (Lair:4)
  Maurice (D:12)
  6 black mambas
  Joseph (D:9)
  2 moths of wrath
  A naga mage (D:15)
  6 torpor snails
  3 gargoyles
  Psyche (D:9)
  18 cane toads
  2 rime drakes
  4 demonic crawlers
  A hellwing (D:9)
  2 freezing wraiths
  6 komodo dragons
  A komodo dragon (shapeshifter) (D:13)
  6 trolls
  A tengu conjurer (D:15)
  2 merfolk
  19 jumping spiders
  12 hornets
  8 polar bears
  5 dream sheep
  6 slime creatures
  9 blink frogs
  2 centaur simulacra
  31 redbacks
  4 shadows
  A human (D:7)
  A vampire (D:15)
  16 tarantellas
  2 hogs (D:11)
  14 spriggans (Lair:6)
  Eustachio (D:6)
  7 wraiths
  5 wyverns
  5 basilisks
  53 yaks
  A steam dragon (Lair:2)
  3 acid dragons
  3 wargs
  9 water moccasins
  27 orc warriors
  4 ice beasts
  A sky beast (D:13)
  An eye of draining (D:7)
  A phantom (D:11)
  7 black bears
  A necrophage (D:11)
  12 ogres
  4 boggarts (Lair:6)
  28 wolves
  3 lemures (D:7)
  13 centaurs
  28 bullfrogs
  2 big kobolds
  A gnoll sergeant (D:9)
  3 wyvern skeletons
  6 scorpions
  20 killer bees
  2 howler monkeys (D:6)
  14 wights
  An electric eel (Spider:2)
  A quasit (D:6)
  4 bullfrog zombies
  6 centaur zombies
  9 jellies
  26 orc priests
  8 centaur skeletons
  4 hounds
  24 orc wizards
  2 bullfrog skeletons (D:13)
  2 iguanas
  11 worker ants
  A howler monkey zombie (D:11)
  2 worker ant zombies
  7 gnolls
  10 adders
  5 shadow imps
  4 white imps
  2 ufetubi
  3 adder skeletons
  An adder zombie (D:9)
  A dart slug (D:6)
  6 leopard geckos
  89 orcs
  A ball python (D:4)
  3 bats
  4 giant cockroaches
  3 goblins
  5 hobgoblins
  5 jackals
  21 kobolds
  8 quokkas
  3 frilled lizards
  A jackal zombie (D:6)
  2 leopard gecko skeletons
  10 rats
849 creatures vanquished.

Vanquished Creatures (others)
  A ghost moth (Spider:2)
  A boulder beetle (D:15)
  A hydra (D:15)
  A centaur warrior (D:15)
  3 orc knights
  4 wolf spiders (Spider:2)
  6 ugly things (D:15)
  A cyclops (D:15)
  A moth of wrath (Spider:2)
  3 centaur skeletons
  A gargoyle (D:15)
  A freezing wraith (D:15)
  An efreet (D:15)
  A demonic crawler (Spider:2)
  A tengu conjurer (D:15)
  A troll (D:15)
  6 jumping spiders (Spider:2)
  3 meliai (D:13)
  3 redbacks (Spider:2)
  A tarantella (Spider:4)
  3 orc warriors (D:15)
  A centaur (D:13)
  An orc priest (D:13)
  5 orcs
  40 bushes (Lair:6)
  4 foxfires (D:15)
  59 fungi
  78 plants
  14 starspawn tentacles
  6 withered plants (D:9)
252 creatures vanquished.

Grand Total: 1101 creatures vanquished

Notes
Turn   | Place    | Note
-------+----------+-------------------------------------------
     0 | Abyss:1  | ragingrage the Formicid Abyssal Knight began the quest for
                  | the Orb.
     0 | Abyss:1  | Reached XP level 1. HP: 18/18 MP: 2/2
    55 | Abyss:1  | Noticed a starcursed mass
    58 | D:1      | Escaped the Abyss
   266 | D:1      | Reached skill level 1 in Dodging
   374 | D:1      | Reached XP level 2. HP: 24/24 MP: 3/3
   485 | D:1      | Reached * piety under Lugonu
   923 | D:2      | Reached XP level 3. HP: 29/29 MP: 4/4
  1453 | D:3      | Found a sacrificial altar of Ru.
  1701 | D:3      | Reached XP level 4. HP: 34/37 MP: 6/6
  2031 | D:3      | Found a bloodstained altar of Trog.
  2346 | D:4      | Reached XP level 5. HP: 6/42 MP: 7/7
  2360 | D:4      | HP: 3/63 [poisoned by a scorpion]
  2368 | D:4      | HP: 2/42 [poisoned by a scorpion]
  2687 | D:4      | Reached skill level 3 in Axes
  2687 | D:4      | Reached XP level 6. HP: 41/48 MP: 8/8
  3209 | D:5      | Entered Level 5 of the Dungeon
  3221 | D:5      | Reached ** piety under Lugonu
  3322 | D:5      | Reached XP level 7. HP: 36/55 MP: 6/10
  3917 | D:5      | Reached skill level 5 in Fighting
  4560 | D:6      | Lost dexterity.
  4563 | D:6      | Reached skill level 4 in Axes
  5038 | D:6      | Noticed Eustachio
  5091 | D:6      | Reached skill level 5 in Axes
  5091 | D:6      | Reached XP level 8. HP: 42/62 MP: 7/11
  5276 | D:6      | Found Ucreyhig's Magic Scroll Emporium.
  5288 | D:6      | Bought a scroll of fear for 42 gold pieces
  5288 | D:6      | Bought a scroll of identify for 24 gold pieces
  5351 | D:6      | Reached skill level 6 in Axes
  6026 | D:6      | Killed Eustachio
  6027 | D:6      | Reached skill level 7 in Axes
  6103 | D:6      | Found a snail-covered altar of Cheibriados.
  6139 | D:6      | Found a hazy altar of Hepliaklqana.
  6139 | D:6      | Found an opulent altar of Gozag.
  6266 | D:6      | Found a glowing golden altar of the Shining One.
  6659 | D:7      | Found a staircase to the Ecumenical Temple.
  6849 | D:7      | Found a stormy altar of Qazlal.
  6886 | D:7      | Reached skill level 8 in Axes
  6886 | D:7      | Reached XP level 9. HP: 20/68 MP: 3/12
  7308 | D:7      | Reached *** piety under Lugonu
  7784 | D:7      | Noticed Pikel
  7793 | D:7      | You fall into a shaft and drop 2 floors!
  8019 | D:9      | Reached skill level 9 in Axes
  8225 | D:9      | Noticed Joseph
  8244 | D:9      | Killed Joseph
  8245 | D:9      | Reached skill level 10 in Axes
  8408 | D:10     | Entered Level 10 of the Dungeon
  8731 | D:9      | Noticed a hellwing
  8907 | D:11     | Noticed a white ugly thing
  8913 | D:11     | Banished a white ugly thing
  8914 | D:11     | Reached skill level 11 in Axes
  9008 | D:11     | Reached XP level 10. HP: 47/74 MP: 6/13
  9205 | D:11     | Reached skill level 5 in Invocations
  9535 | D:9      | Found a runed translucent door.
  9544 | D:9      | Found a runed translucent door.
  9547 | D:9      | Noticed Psyche
  9561 | D:9      | Killed Psyche
  9683 | D:9      | Found a runed translucent door.
  9999 | D:7      | Noticed Pikel
  9999 | D:7      | Pikel changed into Pikel the human
 10034 | D:7      | Killed Pikel the human
 10035 | D:7      | Reached skill level 12 in Axes
 11006 | D:8      | Found a staircase to the Lair.
 11034 | D:8      | Found an ornate altar of the Wu Jian Council.
 11109 | D:8      | Found a broken altar of Ashenzari.
 11980 | D:9      | Found a runed translucent door.
 12001 | D:9      | Reached **** piety under Lugonu
 12005 | D:9      | Reached XP level 11. HP: 71/79 MP: 14/16
 12143 | D:9      | Reached skill level 1 in Shields
 12623 | D:9      | Reached skill level 13 in Axes
 13093 | D:10     | Found a shimmering altar of Xom.
 13105 | D:10     | Reached skill level 5 in Shields
 13405 | D:10     | Noticed Snorg
 13407 | D:10     | Banished Snorg
 13408 | D:10     | Reached skill level 14 in Axes
 13563 | D:10     | Noticed Harold
 13598 | D:9      | Killed Harold
 13970 | D:11     | Found a huge runed translucent gate.
 13970 | D:11     | Found a huge runed translucent gate.
 13970 | D:11     | Found a huge runed translucent gate.
 13970 | D:11     | Found a huge runed translucent gate.
 13970 | D:11     | Noticed a manticore
 14003 | D:11     | Found a staircase to the Orcish Mines.
 14023 | D:11     | Reached XP level 12. HP: 59/88 MP: 13/18
 14055 | D:11     | Reached skill level 5 in Armour
 14412 | Lair:1   | Entered Level 1 of the Lair of Beasts
 14453 | D:8      | HP: 4/89 [poisoned by a black mamba]
 14458 | D:8      | HP: 4/89 [poisoned by a black mamba]
 14463 | D:8      | HP: 3/89 [poisoned by a black mamba]
 14471 | D:8      | HP: 3/89 [poisoned by a black mamba]
 14844 | Lair:1   | Reached ***** piety under Lugonu
 15528 | Lair:1   | You fall into a shaft and drop 1 floor!
 16488 | Lair:1   | Identified 3 scrolls of acquirement
 16488 | Lair:1   | Acquired 723 gold pieces
 16694 | Lair:1   | Acquired the -3 pair of boots of Untruth {rPois rC+ Str+3
                  | Dex-2}
 16701 | Lair:1   | Acquired the +0 kite shield "Caodgharr" {rF- rC+++ rCorr
                  | Int+4}
 17674 | Lair:2   | Noticed a death yak
 17889 | Lair:2   | Reached skill level 5 in Dodging
 18329 | Lair:2   | Reached XP level 13. HP: 79/100 MP: 15/20
 18857 | Lair:2   | Reached skill level 10 in Invocations
 19361 | Lair:3   | Noticed a five-headed hydra
 19362 | Lair:3   | Banished a five-headed hydra
 19474 | Lair:2   | Reached skill level 10 in Fighting
 20417 | Lair:3   | Found a hole to the Spider Nest.
 20570 | Lair:4   | Noticed a four-headed hydra
 21325 | Lair:4   | Reached skill level 10 in Shields
 21355 | Lair:3   | Reached XP level 14. HP: 68/110 MP: 12/21
 22336 | Lair:4   | Found a staircase to the Shoals.
 22697 | Lair:5   | Reached skill level 10 in Armour
 23380 | Lair:5   | Found a staircase to the Slime Pits.
 23545 | Lair:6   | Entered Level 6 of the Lair of Beasts
 23558 | Lair:6   | Reached skill level 15 in Axes
 25516 | Lair:6   | Identified the +8 chain mail of Duty {rPois Will- Dex+3}
 26563 | Orc:1    | Entered Level 1 of the Orcish Mines
 26691 | Orc:2    | Entered Level 2 of the Orcish Mines
 26712 | Orc:2    | Found a staircase to the Elven Halls.
 27045 | Orc:1    | Reached XP level 15. HP: 67/115 MP: 14/24
 27484 | Orc:1    | Reached skill level 16 in Axes
 27948 | Orc:1    | Found Uwamokli's Antique Armour Shoppe.
 27965 | Orc:1    | Bought a faintly glowing ring mail for 342 gold pieces
 27965 | Orc:1    | Identified the +5 ring mail of the Lich-sworn {Harm Int+2}
                  | (You bought it in a shop on level 1 of the Orcish Mines)
 29326 | Orc:2    | Noticed a stone giant
 29551 | Orc:2    | HP: 1/117 [stone giant/large rock (16)]
 29558 | Orc:2    | Killed a stone giant
 30877 | Orc:2    | Found Suompeoc's General Store.
 30877 | Orc:2    | Found Nerim's Jewellery Shop.
 30884 | Orc:2    | Found Tohi's Gadget Emporium.
 30884 | Orc:2    | Found Mosoemid's Gadget Shop.
 30890 | Orc:2    | Bought a +1 pair of gloves of strength for 165 gold pieces
 30903 | Orc:2    | Bought a condenser vane for 560 gold pieces
 30911 | Orc:2    | Bought a tin of tremorstones (2/2) for 400 gold pieces
 30950 | Orc:2    | Found a roughly hewn altar of Beogh.
 31165 | D:11     | Reached skill level 1 in Evocations
 31527 | D:11     | Reached ****** piety under Lugonu
 31885 | D:12     | Noticed Nessos
 31886 | D:12     | Banished Nessos
 32142 | D:12     | You fall into a shaft and drop 3 floors!
 32142 | D:15     | Entered Level 15 of the Dungeon
 32153 | D:15     | Corrupted D:15
 32153 | D:15     | Noticed a lich
 32153 | D:15     | Noticed an ancient lich
 32160 | D:15     | Noticed a tentacled starspawn
 32528 | D:15     | Found a gate leading to a gauntlet.
 32566 | Gauntlet | Entered a Gauntlet
 32566 | Gauntlet | Found a transporter.
 32566 | Gauntlet | Found a transporter.
 32566 | Gauntlet | Found a transporter.
 32567 | Gauntlet | Found a transporter.
 32569 | Gauntlet | Found a transporter.
 32571 | Gauntlet | Found a transporter.
 32577 | Gauntlet | Found a transporter.
 32579 | Gauntlet | Found a transporter.
 32581 | Gauntlet | Found a transporter.
 32582 | Gauntlet | Found a transporter.
 32593 | Gauntlet | Found a transporter.
 32593 | Gauntlet | Found a transporter.
 33158 | Gauntlet | Identified the +11 quarterstaff "Purirare" {holy, +Blink
                  | rElec Stlth+}
 33158 | Gauntlet | Identified the cursed +0 fire dragon scales of Words of
                  | Power {+Fly rElec rF++ rC- Will- SInv}
 33204 | Gauntlet | Identified the Reference Book on Displacement
 33235 | Gauntlet | Identified the Papyrus of Freezing Contamination
 33237 | Gauntlet | Identified the +1 ring mail of the Wild Haggis {rF+ rC-
                  | Regen+ Dex+2} (You found it in a Gauntlet)
 33297 | D:15     | Found Billaj's Book Boutique.
 33300 | D:15     | Found Nemm's Jewellery Shoppe.
 33324 | D:15     | Bought a cursed -4 ring of protection for 30 gold pieces
 33324 | D:15     | Bought a cursed amulet of inaccuracy for 30 gold pieces
 33523 | D:15     | Found a staircase to the Depths.
 33568 | D:15     | Reached XP level 16. HP: 92/127 MP: 18/26
 33799 | D:15     | Found Xutoguro's Antique Armour Boutique.
 33805 | D:15     | Bought a transparent scale mail for 189 gold pieces
 33805 | D:15     | Identified the +6 scale mail of Kioh {rC- Str+3 Dex+4} (You
                  | bought it in a shop on level 15 of the Dungeon)
 34274 | D:15     | Reached skill level 5 in Evocations
 34909 | D:14     | Found a bloodstained altar of Trog.
 35272 | D:13     | Reached skill level 17 in Axes
 36747 | D:12     | Noticed Maurice
 36759 | D:12     | Killed Maurice
 36993 | D:12     | Noticed Rupert
 37002 | D:12     | Killed Rupert
 37664 | D:13     | Corrupted D:13
 37664 | D:13     | Noticed a tentacled starspawn
 37668 | D:13     | Found a gate to the Vaults.
 38624 | D:14     | Found Juetocai's Assorted Antiques.
 38633 | D:14     | Bought a scroll labelled ZIDIOK FYEGHACH for 28 gold pieces
 38633 | D:14     | Bought a wand of iceblast (8) for 112 gold pieces
 39965 | Spider:1 | Entered Level 1 of the Spider Nest
 40497 | Spider:1 | Reached skill level 18 in Axes
 41580 | Spider:1 | Identified the Papyrus of the Cankerous Oath
 42106 | Spider:1 | Reached XP level 17. HP: 108/135 MP: 18/27
 43902 | Spider:2 | Corrupted Spider:2
 43902 | Spider:2 | Noticed a tentacled starspawn
 43904 | Spider:2 | Noticed a tentacled starspawn
 43905 | Spider:2 | HP: 1/135 [wolf spider (17)]
 44355 | Spider:2 | Got a fine bone ring
 44356 | Spider:2 | Identified the ring of Eternity {Str+2 SInv} (You found it
                  | on level 2 of the Spider Nest)
 44605 | Spider:3 | Reached skill level 19 in Axes
 45410 | Spider:3 | Found a runed translucent door.
 45830 | Spider:4 | Entered Level 4 of the Spider Nest
 46966 | Spider:4 | Noticed Nikola
 47117 | Shoals:1 | Entered Level 1 of the Shoals
 47233 | Shoals:1 | Killed from afar by a water nymph

Illustrated notes

Levels and vault maps discovered:
D:1:      minmay_arrival_three_doors, layout_basic, minmay_tiny_reverse_x
D:2:      layout_rooms, minmay_tromino_v4_b
D:3:      layout_basic, marbit_many_paths, nicolae_ru_the_path_less_chosen
D:4:      layout_basic
D:5:      layout_loops_ring
D:6:      layout_basic, gammafunk_temple_overflow_wave, kennysheep_slug_shrine,
          serial_shops, nicolae_shop_stone, kennysheep_nub, fountainhead,
          tso_altar, uniq_eustachio
D:7:      minmay_the_grid_octo_triangle [minmay_the_grid_octo_concentric,
          minmay_the_grid_octo_prize_big_c, minmay_the_grid_octo_thin_diamonds],
          layout_basic, kennysheep_mini, minmay_temple_entry_antechambers,
          uniq_pikel
D:8:      layout_loops_corners, old_standard_altar, dpeg_oklobed_lair,
          basic_altar
D:9:      cheibrodos_grave_circle, layout_stronghold,
          minmay_statue_crystal_thing, uniq_psyche, uniq_joseph
D:10:     layout_gridville, eino_small_chamber_without_monster,
          amcnicky_altar_gilded, uniq_snorg, uniq_harold
D:11:     lemuel_bear_cage, layout_basic, orc_0_dummy
D:12:     layout_roguey, grunt_decor_one_mirror, uniq_nessos, uniq_maurice,
          uniq_rupert
D:13:     layout_loops_corners, hangedman_vaults_entry_quadrant_bands
D:14:     layout_loops_corners, minmay_misc_feat_rugged, basic_altar,
          serial_shops, nicolae_shop_stone, chequers_serial_rivers_micro_b,
          chequers_decorated_corner
D:15:     grunt_enter_depths_magical_seal, layout_basic,
          nicolae_twisting_strands, gauntlet_entry_generic, serial_shops, shop,
          shop, shop
Lair:1:   layout_long_grid, chequers_serial_rivers_micro_b,
          serial_bayou_shore_b, lemuel_fruit_tree, serial_bayou_shore_b
Lair:2:   nzn_winding_woodlands_medium [nzn_winding_woodlands_5x5_default,
          nzn_winding_woodlands_5x15_river_crossing,
          nzn_winding_woodlands_5x5_cross,
          nzn_winding_woodlands_5x5_closed_star,
          nzn_winding_woodlands_center_lodge,
          nzn_winding_woodlands_5x5_checkerboard,
          nzn_winding_woodlands_5x5_default, nzn_winding_woodlands_5x15_parted,
          nzn_winding_woodlands_5x5_perimeter], layout_cave_shapes
Lair:3:   layout_chaotic_city, nicolae_spider_entry_orb_guardian,
          beast_lair_carwin_4
Lair:4:   layout_regular_city, elwin_shoals_entry_rooms
Lair:5:   layout_hall_layers, dpeg_slime_entry_corner, small_statue_intersection
Lair:6:   minmay_lair_end_enchanted_forest, layout_cellular_growth,
          minmay_hedge_maze, nzn_sisyphean_effort, grunt_megastairs_5
Shoals:1: layout_shoals, ebering_ghost_davey_jones, serial_shops,
          nicolae_shop_temple_entry_statues_fountains
Spider:1: layout_spider_delve
Spider:2: layout_spider_delve
Spider:3: cheibrodos_spider_deadly_dance, drop_trap
Spider:4: grunt_spider_rune_parallel, drop_trap, uniq_nikola, uniq_arachne
Orc:1:    layout_diamond_mine, serial_shops, nicolae_shop_statue_plus
Orc:2:    grunt_orc_tribal_feast, layout_caves, minmay_orc_temple_c

Skill      XL: |  1  2  3  4  5  6  7  8  9 10 11 12 13 14 15 16 17 |
---------------+----------------------------------------------------+-----
Dodging        | 1 2 3 5 |  5.0
Armour         | 3 4 6 9 10 | 10.0
Invocations    | 3 4 7 8 9 10 12 14 | 14.1
Fighting       | 4 5 6 8 10 11 12 | 12.5
Axes           | 3 5 8 11 12 14 15 16 18 19 | 19.7
Shields        | 5 7 10 | 10.0
Evocations     | 4 6 |  6.3

Action                   |  1- 3 |  4- 6 |  7- 9 | 10-12 | 13-15 | 16-18 || total
-------------------------+-------+-------+-------+-------+-------+-------++-------
Melee: Hand axe          |    95 |    88 |   371 |   788 |  1758 |   686 ||  3786
       Battleaxe         |       |       |       |       |       |   298 ||   298
Throw: Dart              |       |       |     5 |    26 |    11 |    17 ||    59
       Throwing net      |       |       |     1 |       |     1 |       ||     2
Invok: Depart the Abyss  |     1 |       |       |       |       |       ||     1
       Banish            |       |       |     2 |     5 |     8 |     3 ||    18
       Bend Space        |       |       |       |     2 |     2 |     2 ||     6
       Corrupt           |       |       |       |       |     1 |     2 ||     3
 Abil: Dig               |       |       |     3 |     1 |    17 |     5 ||    26
       Shaft Self        |       |       |     1 |     1 |     1 |       ||     3
Evoke: Wand              |       |       |     3 |    11 |    21 |     9 ||    44
       Condenser vane    |       |       |       |       |     1 |     2 ||     3
       Box of beasts     |       |       |       |       |     1 |     1 ||     2
       Tin of tremorston |       |       |       |       |       |     2 ||     2
  Use: Potion            |       |     4 |     1 |     2 |     5 |     4 ||    16
       Scroll            |       |     5 |     4 |     6 |    14 |     4 ||    33
 Stab: Distracted        |       |       |       |       |     2 |       ||     2
Armor: Leather armour    |     3 |       |       |       |       |       ||     3
       Ring mail         |    27 |    32 |   127 |    36 |     1 |       ||   223
       Skin              |       |     3 |    31 |       |       |       ||    34
       Chain mail        |       |       |       |   204 |   408 |       ||   612
       Fire dragon scale |       |       |       |       |    17 |   376 ||   393
Dodge: Dodged            |    52 |    43 |   200 |   260 |   443 |   396 ||  1394
Block: Buckler           |       |       |       |    73 |       |       ||    73
       Kite shield       |       |       |       |    40 |   767 |   551 ||  1358
